 Dungeon Crawl Stone Soup version 0.28-a0-1033-g1a2f33fa85 (webtiles) character file.

Game seed: 6641109701372259735

7 ytrimaz the Scratcher (level 1, -1/9 HPs)
             Began as a Felid Transmuter on Dec 7, 2021.
             Slain by a hound (6 damage)
             ... on level 2 of the Dungeon.
             The game lasted 00:00:27 (459 turns).

ytrimaz the Scratcher (Felid Transmuter)             Turns: 459, Time: 00:00:27

Health: -1/9       AC:  1    Str:  6    XL:     1   Next: 83%
Magic:  4/4        EV: 17    Int: 14    God:
Gold:   20         SH:  0    Dex: 16    Spells: 3/4 levels left
                                        Lives:  0   Deaths: 0

rFire   . . .      SeeInvis +     - Unarmed
rCold   . . .      Faith    .   (shield unavailable)
rNeg    . . .      Spirit   .   (armour unavailable)
rPois   .          Reflect  .   (helmet unavailable)
rElec   .          Harm     .   (cloak unavailable)
rCorr   .          Rampage  .   (gloves unavailable)
Will    .....                   (boots unavailable)
Stlth   +.........              (no amulet)
HPRegen 0.03/turn               (no ring)
MPRegen 0.09/turn               (no ring)

@: quick
A: very small, claws 1, fangs 3, see invisible, speed 1, shaggy fur 1, stealthy
paws, no weapons or thrown items, no armour, multi-lived
a: no special abilities


You were on level 2 of the Dungeon.
You visited 1 branch of the dungeon, and saw 2 of its levels.

You collected 20 gold pieces.

Inventory:

Potions
 a - a potion of might {unknown}
 b - a potion of heal wounds {unknown}
 c - a potion of attraction {unknown}


   Skills:
 - Level 1.0 Fighting
 - Level 2.6 Dodging
 + Level 3.2 Unarmed Combat
 * Level 2.1 Spellcasting
 * Level 2.3 Transmutations


You had 3 spell levels left.
You knew the following spells:

 Your Spells              Type           Power      Damage    Failure   Level
a - Beastly Appendage     Tmut           16%        N/A       9%          1

Your spell library contained the following spells:

 Spells                   Type           Power      Damage    Failure   Level
 Wereblood                Tmut           8%         N/A       14%         2
 Spider Form              Tmut/Pois      4%         N/A       41%         3
 Ice Form                 Ice/Tmut       4%         N/A       82%         4


Dungeon Overview and Level Annotations

Branches:
Dungeon (1/15)

Altars:


Innate Abilities, Weirdness & Mutations

You have sharp claws.
You have razor-sharp teeth.
You have supernaturally acute eyesight. (SInv)
You cover ground quickly. (Speed+)
You are covered in fur. (AC +1)
Your paws help you pounce on unaware monsters.
You are incapable of wielding weapons or throwing items.
You cannot wear armour.
You gain extra lives every three experience levels.


Message History

You scratch the giant cockroach.
The giant cockroach is severely wounded.
The giant cockroach bites you.
You scratch the giant cockroach.
You kill the giant cockroach!
HP restored.
A rat comes into view.
A rat is nearby!
A rat is nearby!
A rat is nearby!
You grow a pair of large bovine horns.
No target in view!
No target in view!
No target in view!
Unknown command.
Found a stone staircase leading down.
Found 12 gold pieces.
You scratch the rat but do no damage. The rat completely misses you.
You scratch the rat.
You kill the rat!
Your transformation is almost over.
No target in view!
Unknown command.
Magic restored.
Your horns disappear.
There is a stone staircase leading down here.
You now have 20 gold pieces (gained 12).
Found a robe.
You see here a +0 robe.
A hound comes into view.
The hound barks!
A hound is nearby!
Unknown command.
You see here a +0 robe.
The hound closely misses you. The hound barely misses you. The hound bites you.
The hound bites you.
Ouch! That really hurt!
You die...

####.....#######.#
...#..†..# #.#
#.##.#...# #.#
#.##.#...# #.#
#.##.##### #.#
#.##.# #.# #.##.#
#.# #.##.# #.#
#.##.###########@#
#.##.#.........h.#
#.##.#.###########
#.##.#.# #.##.#.#
#....#.# ######.#
#.# #.#


You could see a hound.

Vanquished Creatures
  A bat (D:1)
  A giant cockroach (D:2)
  2 quokkas (D:1)
  2 rats
6 creatures vanquished.

Notes
Turn   | Place    | Note
-------+----------+-------------------------------------------
     0 | D:1      | ytrimaz the Felid Transmuter began the quest for the Orb.
     0 | D:1      | Reached XP level 1. HP: 9/9 MP: 4/4
   292 | D:1      | You fall into a shaft and drop 1 floor!
   428 | D:2      | Noticed a hound
   459 | D:2      | Slain by a hound

Illustrated notes

Levels and vault maps discovered:
D:1:      tarquinn_simple_flora_water_d, layout_loops_ring,
          shapermc_ecumenical_altar_mp_highgroup, minmay_split_cup_small
D:2:      layout_basic, kennysheep_generic_room_12, uniq_robin, uniq_jessica,
          uniq_terence

Action                   || total
-------------------------++-------
Melee: Unarmed           ||    21
       Bite              ||     1
 Cast: Beastly Appendage ||     3
Armor: Skin              ||     1
Dodge: Dodged            ||    18

Table legend: (Time is in decaauts)
 A = Elapsed time spent in this place.
 B = Non-inter-level travel time spent in this place.
 C = Inter-level travel time spent in this place.
 D = Time resting spent in this place.
 E = Time spent auto-exploring this place.
 F = Levels seen in this place.
 G = Mean time per level.
                   A        B        C        D        E       F      G
               +--------+--------+--------+--------+--------+-----+--------+
         Total |    401 |    401 |      0 |      0 |    326 |   2 |  200.5 |
       Dungeon |    401 |    401 |      0 |      0 |    326 |   2 |  200.5 |
               +--------+--------+--------+--------+--------+-----+--------+

Top non-repeatable levels by time:
     D:1: 258 daAuts
     D:2: 143 daAuts
